 Dungeon Crawl Stone Soup version 0.25-a0-578-gc91f01c39c (webtiles) character file.

Game seed: 14393716281993688746, levelgen mode: deterministic

161 Lugonue the Scratcher (level 5, -7/22 HPs)
             Began as a Felid Transmuter on Mar 3, 2020.
             Shot with an arrow by a centaur (17 damage)
             ... on level 5 of the Dungeon.
             The game lasted 00:10:09 (5738 turns).

Lugonue the Scratcher (Felid Transmuter)            Turns: 5738, Time: 00:10:11

Health: -7/22      AC:  1    Str:  6    XL:     5   Next: 19%
Magic:  10/10      EV: 19    Int: 16    God:
Gold:   256        SH:  2    Dex: 16    Spells: 5/10 levels left
                                        Lives:  0   Deaths: 1

rFire    . . .     SeeInvis +     - Unarmed
rCold    . . .     Gourm    .   (shield unavailable)
rNeg     . . .     Faith    .   (armour unavailable)
rPois    .         Spirit   .   (helmet unavailable)
rElec    .         Reflect  +   (cloak unavailable)
rCorr    +         Harm     .   (gloves unavailable)
MR       .....                  (boots unavailable)
Stlth    +++.......             l - +2 amulet of reflection
HPRegen  0.07/turn              b - ring of resist corrosion
MPRegen  0.12/turn              (no ring)

@: quick
A: very small, no armour, no weapons or thrown items, stealth, claws 1, fangs 3,
see invisible, carnivore, speed 1, shaggy fur 1, slow metabolism 1, sharp paws
a: no special abilities


You were on level 5 of the Dungeon.
You were not hungry.

You visited 1 branch of the dungeon, and saw 5 of its levels.

You collected 256 gold pieces.

Inventory:

Missiles
 a - 48 arrows
Jewellery
 b - a ring of resist corrosion (left paw)
 l - a +2 amulet of reflection (around neck)
Wands
 h - a wand of iceblast (9)
 k - a wand of paralysis (13)
Scrolls
 e - a scroll of teleportation
 i - a scroll of remove curse
 m - 3 scrolls of fear
 n - 2 scrolls of magic mapping
Potions
 d - a potion of resistance
 f - 2 potions of lignification {unknown}
 g - 6 potions of heal wounds {unknown}
 j - a potion of ambrosia {unknown}
 o - 2 potions of stabbing {unknown}
 q - 3 potions of curing
 r - a potion of invisibility {unknown}
 s - 3 potions of flight {unknown}
Comestibles
 c - 7 rations


   Skills:
 * Level 1.6 Fighting
 + Level 3.7 Dodging
 + Level 2.1 Stealth
 + Level 4.6 Unarmed Combat
 * Level 3.0 Spellcasting
 + Level 3.2 Transmutations
 + Level 0.8 Poison Magic


You had 5 spell levels left.
You knew the following spells:

 Your Spells              Type           Power        Failure   Level  Hunger
b - Spider Form           Tmut/Pois      #.........   24%         3    ###....
c - Sticks to Snakes      Tmut           ##......     8%          2    ##.....

Your spell library contained the following spells:

 Spells                   Type           Power        Failure   Level  Hunger
 Beastly Appendage        Tmut           ##....       4%          1    #......
 Ice Form                 Ice/Tmut       #.......     67%         4    #####..
 Blade Hands              Tmut           ##........   80%         5    ######.


Dungeon Overview and Level Annotations

Branches:
Dungeon (5/15)
 Temple: D:4-7

Altars:
Dithmenos
Elyvilon
Nemelex Xobeh
Sif Muna
Yredelemnul
Zin

Annotations:
D:5 1 runed translucent door


Innate Abilities, Weirdness & Mutations

You cannot wear armour.
You are incapable of wielding weapons or throwing items.
Your paws allow you to move quietly. (Stealth)
You have sharp claws.
You have razor-sharp teeth.
You have supernaturally acute eyesight. (SInv)
You are carnivorous and can eat meat at any time.
You cover ground quickly.
You are covered in fur. (AC +1)
You have a slow metabolism.
Your sharp claws are effective at attacking unaware monsters.


Message History

No target in view!
Found a stone staircase leading up.
c - 7 rations (gained 1)
You open the door.
A centaur comes into view.
You close the door.
You open the door. What are your orders? t - Meow!
Orders for allies: a - Attack new target. r - Retreat! s - Stop attacking. g - Guard the area. f - Follow me.
Anything else - Cancel.
You meow for attention!
The centaur shouts!
You hear an angry hiss. x2
The centaur wields a +0 shortbow.
The centaur shoots an arrow.
The arrow hits you!
Ouch! That really hurt!
The centaur shoots an arrow.
The arrow hits you!
Ouch! That really hurt!
You die...

#...... .c..# ##...##
....#####.#.#......
###...... #...#......
+.+..... .?.#....## #.#....
##.##....(. #.#...
#........## . ### #.##'#
#...####### .# ..#
#.##@######.#.####### .+p
#.# #....................
.###
###.###....######....######
.....W..........#
#..........
......##.##..####
#)......... #.......#
#.###...... #.#.##.## #.#
#...... #.#.##.# #.#
##..... #.#.#..######## #<#
#..###


You could see a centaur.

Vanquished Creatures
  A centaur (D:3)
  A hound (D:4)
  Ijyb (D:3)
  A gnoll (D:1)
  2 adders
  An ooze (D:3)
  A worm (D:2)
  3 dart slugs
  2 leopard geckos
  5 ball pythons
  3 giant cockroaches
  8 goblins
  6 hobgoblins
  13 jackals
  7 bats
  3 frilled lizards
  A jackal skeleton (D:2)
  A jackal zombie (D:5)
  6 kobolds
  8 rats
74 creatures vanquished.

Vanquished Creatures (collateral kills)
  A kobold (D:1)
1 creature vanquished.

Grand Total: 75 creatures vanquished

Notes
Turn   | Place    | Note
-------+----------+-------------------------------------------
     0 | D:1      | Lugonue the Felid Transmuter began the quest for the Orb.
     0 | D:1      | Reached XP level 1. HP: 9/9 MP: 4/4
   269 | D:1      | Reached XP level 2. HP: 12/12 MP: 6/6
  1142 | D:1      | Learned a level 2 spell: Sticks to Snakes
  1274 | D:1      | Reached XP level 3. HP: 13/15 MP: 7/7
  1687 | D:1      | Learned a level 3 spell: Spider Form
  2263 | D:2      | Reached XP level 4. HP: 19/19 MP: 1/8
  2551 | D:2      | Found a basalt altar of Yredelemnul.
  2614 | D:2      | Found a sparkling altar of Nemelex Xobeh.
  2616 | D:2      | Found a shadowy altar of Dithmenos.
  2619 | D:2      | Found a shimmering blue altar of Sif Muna.
  2720 | D:2      | Reached skill level 4 in Unarmed Combat
  2905 | D:2      | Found a white marble altar of Elyvilon.
  3046 | D:3      | Noticed a centaur
  3052 | D:3      | Reached skill level 1 in Stealth
  3061 | D:3      | Killed a centaur
  3061 | D:3      | Reached XP level 5. HP: 1/22 MP: 6/9
  3775 | D:3      | Slain by a hornet zombie
  3776 | D:3      | Reached XP level 4. HP: -3/19 MP: 4/8
  4357 | D:4      | Noticed a phantom
  5203 | D:3      | Noticed Ijyb
  5226 | D:3      | Killed Ijyb
  5226 | D:3      | Reached XP level 5. HP: 21/22 MP: 6/10
  5384 | D:5      | Entered Level 5 of the Dungeon
  5409 | D:5      | Found a glowing silver altar of Zin.
  5474 | D:5      | Noticed a phantom
  5479 | D:5      | Found a runed translucent door.
  5479 | D:5      | Noticed a human
  5733 | D:5      | Noticed a centaur
  5738 | D:5      | Shot with an arrow by a centaur

Levels and vault maps discovered:
D:1:      dpeg_arrival_round_c, layout_basic, minivault_11
D:2:      layout_loops_ring, lemuel_crystal_altar, minitemple
D:3:      layout_loops_ring, uniq_ijyb
D:4:      layout_basic, kennysheep_mini
D:5:      layout_basic, zin_academy, first_ration, dk_yredelemnul_ordeal

Skill      XL: |  1  2  3  4  5 |
---------------+----------------+-----
Dodging        | 3 |  3.7
Unarmed Combat | 4 |  4.6
Stealth        | 2 |  2.1
Transmutations | 3 |  3.2
Spellcasting   | 3 |  3.0
Fighting       | |  1.6
Poison Magic   | |  0.8

Action                   |  1- 3 |  4- 6 || total
-------------------------+-------+-------++-------
Melee: Unarmed           |   111 |   126 ||   237
       Headbutt          |     4 |       ||     4
       Bite              |     5 |     5 ||    10
 Cast: Beastly Appendage |    11 |     2 ||    13
       Sticks to Snakes  |     4 |     5 ||     9
       Spider Form       |     6 |    13 ||    19
 Abil: End Transformatio |       |     3 ||     3
  Use: Scroll            |     1 |     9 ||    10
 Stab: Sleeping          |     2 |     4 ||     6
       Distracted        |     1 |     1 ||     2
  Eat: Chunk             |     8 |     6 ||    14
Armor: Skin              |     7 |     2 ||     9
Dodge: Dodged            |    86 |   116 ||   202

Table legend:
 A = Non-vault XP
 B = Vault XP
 C = Vault XP percentage of total XP
 D = Non-vault monster count
 E = Vault monster count
 F = Vault count percentage of total count
                 A         B        C        D         E       F
            +---------+---------+-------+---------+---------+-------
      Total |     322 |      37 |  10.3 |      73 |       2 |   2.7
            +---------+---------+-------+---------+---------+-------
        D:1 |      62 |       0 |   0.0 |      30 |       0 |   0.0
        D:2 |      64 |       0 |   0.0 |      27 |       0 |   0.0
        D:3 |     153 |      36 |  19.0 |      14 |       1 |   6.7
        D:4 |      43 |       0 |   0.0 |       2 |       0 |   0.0
        D:5 |       0 |       1 | 100.0 |       0 |       1 | 100.0
            +---------+---------+-------+---------+---------+-------
